| Goals | Penalties |
No Goal
|
Niko Mikkola (WAS) for Holding (Minor) at 8:07
|
1. Capitals , Claude Giroux 7 (Adam Fox 8, Carter Verhaeghe 10) at 8:16
|
Tyler Bertuzzi (TAM) for Roughing (Minor) at 18:47
|
No Goal
|
No Penalty
|
|
Logan Thompson (WAS), 18 saves from 18 shots - (1,000), W, 9-0-1, 60:00 minutes
Sam Montembeault (TAM), 30 saves from 31 shots - (0,968), L, 6-4-1, 59:04 minutes
|
|
1 - Logan Thompson (WAS)
2 - Sam Montembeault (TAM)
3 - Claude Giroux (WAS)
|
Referees : Amanda Tassoni and Graham Skilliter
Linesman : Steve Barton and Stephanie Gagnon
|
|
| No Game Note
|
|
Level 1 -- Attendance: 5571 (93%) -- Ticket Income $417,825
Level 2 -- Attendance: 4784 (96%) -- Ticket Income $224,848
Level 3 -- Attendance: 3758 (100%) -- Ticket Income $82,676
Level 4 -- Attendance: 4000 (100%) -- Ticket Income $60,000
Luxury Box -- Attendance: 1000 (100%) -- Ticket Income $175,000
Game was played at the St Pete Times Forum.
Total Attendance: 19113 (97%)
Total Ticket Income: $960,349
Other Income: $288,105
Total Income: $1,248,454
|
| Team Name |
Goals |
Shots |
Shots Attemp |
Shots Blocked |
PIM |
HIT |
PP |
PK |
FO% |
| Capitals |
1 | 31 | 68 | 10 | 2 | 22 | 0 / 1 (0%) | 0 | 57% |
| Lightning |
0 | 18 | 54 | 14 | 2 | 17 | 0 / 1 (0%) | 0 | 43% |
Capitals
| Player Name |
POS |
G |
A |
P |
+/- |
PIM |
HIT |
SHT |
SB |
MP |
PP MP |
PP SHT |
PK MP |
PK SHT |
FO% |
FOT |
GA |
TA |
| Adam Fox | D | 0 | 1 | 1 | 1 | 0 | 2 | 3 | 2 | 23:03 | 1:07 | 0 | 1:23 | 0 | 0% |
0 | 1 | 0 |
| Aleksander Barkov | C | 0 | 0 | 0 | 0 | 0 | 1 | 1 | 3 | 21:23 | 1:11 | 0 | 1:00 | 0 | 67% |
18 | 1 | 3 |
| Artturi Lehkonen | LW/RW | 0 | 0 | 0 | 0 | 0 | 0 | 3 | 1 | 12:58 | 0:00 | 0 | 0:10 | 0 | 0% |
0 | 0 | 0 |
| Brady Skjei | D | 0 | 0 | 0 | 0 | 0 | 0 | 1 | 0 | 22:55 | 0:52 | 0 | 0:55 | 0 | 0% |
0 | 0 | 5 |
| Cam Fowler | D | 0 | 0 | 0 | 1 | 0 | 0 | 1 | 2 | 22:11 | 1:07 | 0 | 0:31 | 0 | 0% |
0 | 0 | 0 |
| Carter Verhaeghe | C/LW/RW | 0 | 1 | 1 | 1 | 0 | 1 | 4 | 0 | 17:01 | 1:11 | 0 | 0:00 | 0 | 0% |
0 | 2 | 1 |
| Chandler Stephenson | C | 0 | 0 | 0 | 1 | 0 | 2 | 1 | 0 | 17:38 | 0:48 | 0 | 0:57 | 0 | 46% |
13 | 0 | 0 |
| Claude Giroux | C/RW | 1 | 0 | 1 | 1 | 0 | 0 | 3 | 0 | 16:41 | 0:48 | 0 | 0:00 | 0 | 100% |
1 | 0 | 0 |
| Connor Dewar | C | 0 | 0 | 0 | 0 | 0 | 2 | 0 | 0 | 8:17 | 0:00 | 0 | 0:02 | 0 | 0% |
0 | 0 | 0 |
| Kiefer Sherwood | LW | 0 | 0 | 0 | 0 | 0 | 0 | 2 | 0 | 8:09 | 0:00 | 0 | 0:00 | 0 | 0% |
0 | 0 | 0 |
| Michael Kesselring | D | 0 | 0 | 0 | 0 | 0 | 1 | 1 | 0 | 15:36 | 0:52 | 0 | 0:00 | 0 | 0% |
0 | 0 | 0 |
| Nico Sturm | C | 0 | 0 | 0 | 0 | 0 | 3 | 2 | 0 | 8:09 | 0:00 | 0 | 0:00 | 0 | 50% |
4 | 0 | 0 |
| Nicolas Roy | C/RW | 0 | 0 | 0 | 0 | 0 | 1 | 0 | 0 | 12:42 | 0:00 | 0 | 0:00 | 0 | 100% |
1 | 1 | 0 |
| Niko Mikkola | D | 0 | 0 | 0 | 0 | 2 | 1 | 2 | 0 | 14:26 | 0:00 | 0 | 0:00 | 0 | 0% |
0 | 0 | 0 |
| Radek Faksa | C/LW/RW | 0 | 0 | 0 | 0 | 0 | 3 | 0 | 0 | 13:31 | 0:00 | 0 | 0:49 | 0 | 33% |
6 | 0 | 0 |
| Ryan Lindgren | D | 0 | 0 | 0 | 0 | 0 | 3 | 0 | 1 | 21:54 | 0:00 | 0 | 1:09 | 0 | 0% |
0 | 0 | 1 |
| Sam Reinhart | C/LW/RW | 0 | 0 | 0 | 0 | 0 | 1 | 3 | 0 | 21:03 | 0:48 | 0 | 1:00 | 0 | 67% |
3 | 1 | 0 |
| William Nylander | RW | 0 | 0 | 0 | 0 | 0 | 1 | 4 | 1 | 20:23 | 1:11 | 0 | 0:00 | 0 | 0% |
0 | 3 | 0 |
Lightning
| Player Name |
POS |
G |
A |
P |
+/- |
PIM |
HIT |
SHT |
SB |
MP |
PP MP |
PP SHT |
PK MP |
PK SHT |
FO% |
FOT |
GA |
TA |
| Alex Ovechkin | LW/RW | 0 | 0 | 0 | 0 | 0 | 3 | 5 | 0 | 23:55 | 1:01 | 0 | 1:25 | 0 | 25% |
4 | 1 | 0 |
| Aliaksei Protas | C/LW/RW | 0 | 0 | 0 | 0 | 0 | 0 | 1 | 1 | 19:51 | 1:01 | 0 | 0:18 | 0 | 0% |
2 | 2 | 0 |
| Ben Jones | C | 0 | 0 | 0 | 0 | 0 | 0 | 0 | 0 | 4:03 | 0:00 | 0 | 0:00 | 0 | 0% |
2 | 0 | 0 |
| Calle Jarnkrok | C/LW/RW | 0 | 0 | 0 | -1 | 0 | 0 | 0 | 2 | 16:10 | 0:00 | 0 | 0:00 | 0 | 38% |
8 | 0 | 1 |
| Colin Miller | D | 0 | 0 | 0 | -1 | 0 | 3 | 1 | 3 | 17:56 | 0:46 | 0 | 0:46 | 0 | 0% |
0 | 0 | 0 |
| David Gustafsson | C/LW/RW | 0 | 0 | 0 | -1 | 0 | 1 | 0 | 1 | 16:41 | 0:00 | 0 | 0:34 | 0 | 0% |
0 | 1 | 3 |
| Erik Karlsson | D | 0 | 0 | 0 | 0 | 0 | 0 | 1 | 2 | 23:29 | 1:13 | 0 | 1:13 | 0 | 0% |
0 | 1 | 2 |
| Jordan Oesterle | D | 0 | 0 | 0 | 0 | 0 | 1 | 1 | 0 | 12:05 | 0:00 | 0 | 0:00 | 0 | 0% |
0 | 0 | 0 |
| Luke Schenn | D | 0 | 0 | 0 | 0 | 0 | 2 | 0 | 1 | 23:29 | 1:13 | 0 | 1:13 | 0 | 0% |
0 | 1 | 0 |
| Mike Reilly | D | 0 | 0 | 0 | 0 | 0 | 0 | 0 | 0 | 6:30 | 0:00 | 0 | 0:00 | 0 | 0% |
0 | 0 | 0 |
| Scott Laughton | C/LW | 0 | 0 | 0 | 0 | 0 | 0 | 3 | 0 | 23:53 | 1:01 | 0 | 1:25 | 0 | 42% |
12 | 0 | 0 |
| Taylor Hall | LW | 0 | 0 | 0 | -1 | 0 | 2 | 2 | 1 | 15:51 | 0:00 | 0 | 0:00 | 0 | 0% |
0 | 1 | 0 |
| Tyler Bertuzzi | LW | 0 | 0 | 0 | 0 | 2 | 3 | 1 | 1 | 19:10 | 0:58 | 0 | 0:00 | 0 | 100% |
1 | 1 | 0 |
| Tyler Motte | C/LW/RW | 0 | 0 | 0 | 0 | 0 | 0 | 1 | 1 | 19:26 | 0:58 | 0 | 0:16 | 0 | 0% |
1 | 0 | 1 |
| Tyson Barrie | D | 0 | 0 | 0 | 0 | 0 | 0 | 0 | 0 | 12:05 | 0:00 | 0 | 0:00 | 0 | 0% |
0 | 2 | 0 |
| Urho Vaakanainen | D | 0 | 0 | 0 | -1 | 0 | 1 | 0 | 1 | 17:56 | 0:46 | 0 | 0:46 | 0 | 0% |
0 | 0 | 0 |
| Vladislav Namestnikov | C/RW | 0 | 0 | 0 | 0 | 0 | 1 | 2 | 0 | 19:00 | 0:58 | 0 | 0:00 | 0 | 63% |
16 | 0 | 2 |
| Yan Kuznetsov | D | 0 | 0 | 0 | 0 | 0 | 0 | 0 | 0 | 6:30 | 0:00 | 0 | 0:00 | 0 | 0% |
0 | 0 | 0 |
Capitals
| 5 vs 5 Forward |
|---|
| Line # | Left Wing | Center | Right Wing | PHY | DF | OF | Wanted % | Time % | Time Play |
| 1 | William Nylander | Aleksander Barkov | Sam Reinhart | 0 | 1 | 4 | 38 | 33% | 18:04
|
| 2 | Carter Verhaeghe | Chandler Stephenson | Claude Giroux | 0 | 2 | 3 | 32 | 29% | 15:53
|
| 3 | Nicolas Roy | Radek Faksa | Artturi Lehkonen | 0 | 2 | 3 | 25 | 23% | 12:42
|
| 4 | Connor Dewar | Nico Sturm | Kiefer Sherwood | 1 | 2 | 2 | 5 | 15% | 8:09
|
| 5 vs 5 Defense |
|---|
| Line # | Defense | Defense | | PHY | DF | OF | Wanted % | Time % | Time Play |
| 1 | Cam Fowler | Adam Fox | | 0 | 3 | 2 | 38 | 38% | 20:33
|
| 2 | Brady Skjei | Ryan Lindgren | | 0 | 3 | 2 | 36 | 36% | 19:54
|
| 3 | Niko Mikkola | Michael Kesselring | | 0 | 3 | 2 | 26 | 26% | 14:21
|
| 4 | Adam Fox | Brady Skjei | | 0 | 3 | 2 | 0 | 0% | 0:00
|
| Power Play Forward |
|---|
| Line # | Left Wing | Center | Right Wing | PHY | DF | OF | Wanted % | Time % | Time Play |
| 1 | William Nylander | Aleksander Barkov | Carter Verhaeghe | 0 | 0 | 5 | 65 | 60% | 1:11
|
| 2 | Chandler Stephenson | Claude Giroux | Sam Reinhart | 0 | 0 | 5 | 35 | 40% | 0:48
|
| Power Play Defense |
|---|
| Line # | Defense | Defense | | PHY | DF | OF | Wanted % | Time % | Time Play |
| 1 | Cam Fowler | Adam Fox | | 0 | 1 | 4 | 65 | 56% | 1:07
|
| 2 | Brady Skjei | Michael Kesselring | | 0 | 1 | 4 | 35 | 44% | 0:52
|
| Penalty Kill 4 Players Forward |
|---|
| Line # | Center | Wing | PHY | DF | OF | Wanted % | Time % | Time Play |
| 1 | Aleksander Barkov | Sam Reinhart | 0 | 5 | 0 | 52 | 59% | 1:10
|
| 2 | Radek Faksa | Chandler Stephenson | 0 | 5 | 0 | 48 | 41% | 0:49
|
| Penalty Kill 4 Players Defense |
|---|
| Line # | Defense | Defense | PHY | DF | OF | Wanted % | Time % | Time Play |
| 1 | Ryan Lindgren | Adam Fox | 0 | 5 | 0 | 52 | 28% | 0:33
|
| 2 | Niko Mikkola | Brady Skjei | 0 | 5 | 0 | 48 | 72% | 1:26
|
| Penalty Kill 3 Players |
|---|
| Line # | Wing | PHY | DF | OF | Wanted % | Time % | Time Play | Defense | Defense | PHY | DF | OF | Wanted % | Time % | Time Play |
| 1 | Aleksander Barkov | 0 | 5 | 0 | 60 | 0% | 0:00
| Ryan Lindgren | Adam Fox | 0 | 5 | 0 | 60 | 0% | 0:00
|
| 2 | Chandler Stephenson | 0 | 5 | 0 | 40 | 0% | 0:00
| Niko Mikkola | Brady Skjei | 0 | 5 | 0 | 40 | 0% | 0:00
|
| 4 vs 4 Forward |
|---|
| Line # | Center | Wing | PHY | DF | OF | Wanted % | Time % | Time Play |
| 1 | Aleksander Barkov | William Nylander | 0 | 2 | 3 | 60 | 0% | 0:00
|
| 2 | Claude Giroux | Sam Reinhart | 0 | 2 | 3 | 40 | 0% | 0:00
|
| 4 vs 4 Defense |
|---|
| Line # | Defense | | PHY | DF | OF | Wanted % | Time % | Time Play |
| 1 | Adam Fox | Brady Skjei | 1 | 2 | 2 | 60 | 0% | 0:00
|
| 2 | Ryan Lindgren | Cam Fowler | 1 | 2 | 2 | 40 | 0% | 0:00
|
| Last Minutes Offensive |
|---|
| Left Wing | Center | Right Wing | Defense | Defense |
| Sam Reinhart | Aleksander Barkov | William Nylander | Adam Fox | Brady Skjei |
| Last Minutes Defensive |
|---|
| Left Wing | Center | Right Wing | Defense | Defense |
| Sam Reinhart | Aleksander Barkov | William Nylander | Adam Fox | Brady Skjei |
| Time |
|---|
| Total Forward | Total Defense | Last Minutes Offensive | Last Minutes Defensive |
| 60:00 |
60:00 |
0:00 | 1:14 |
| Extra Forwards |
|---|
| Normal | PowerPlay | Penalty Kill |
|
Aleksander Barkov, Sam Reinhart, William Nylander | Aleksander Barkov, William Nylander | Aleksander Barkov |
| Extra Defensemen |
|---|
| Normal | PowerPlay | Penalty Kill |
|
Adam Fox, Brady Skjei, Cam Fowler | Adam Fox, Adam Fox | Ryan Lindgren |
| Penalty Shots |
|---|
|
Sam Reinhart, William Nylander, Carter Verhaeghe, Artturi Lehkonen, Aleksander Barkov |
| Goalie |
|---|
| Logan Thompson, Kevin Lankinen |
| Scratches |
|---|
|
A.J. Greer (Healthy), Louis Crevier (Healthy) |
Lightning
| 5 vs 5 Forward |
|---|
| Line # | Left Wing | Center | Right Wing | PHY | DF | OF | Wanted % | Time % | Time Play |
| 1 | Alex Ovechkin | Scott Laughton | Aliaksei Protas | 1 | 1 | 3 | 40 | 32% | 17:17
|
| 2 | Tyler Bertuzzi | Vladislav Namestnikov | Tyler Motte | 1 | 1 | 3 | 30 | 35% | 18:55
|
| 3 | Taylor Hall | Calle Jarnkrok | David Gustafsson | 1 | 2 | 2 | 25 | 27% | 14:57
|
| 4 | Alex Ovechkin | Ben Jones | Scott Laughton | 1 | 2 | 2 | 5 | 7% | 3:38
|
| 5 vs 5 Defense |
|---|
| Line # | Defense | Defense | | PHY | DF | OF | Wanted % | Time % | Time Play |
| 1 | Erik Karlsson | Luke Schenn | | 1 | 2 | 2 | 40 | 36% | 19:48
|
| 2 | Colin Miller | Urho Vaakanainen | | 1 | 2 | 2 | 30 | 30% | 16:24
|
| 3 | Jordan Oesterle | Tyson Barrie | | 1 | 2 | 2 | 20 | 22% | 12:05
|
| 4 | Mike Reilly | Yan Kuznetsov | | 1 | 2 | 2 | 10 | 12% | 6:30
|
| Power Play Forward |
|---|
| Line # | Left Wing | Center | Right Wing | PHY | DF | OF | Wanted % | Time % | Time Play |
| 1 | Alex Ovechkin | Scott Laughton | Aliaksei Protas | 1 | 1 | 3 | 60 | 51% | 1:01
|
| 2 | Tyler Bertuzzi | Vladislav Namestnikov | Tyler Motte | 1 | 1 | 3 | 40 | 49% | 0:58
|
| Power Play Defense |
|---|
| Line # | Defense | Defense | | PHY | DF | OF | Wanted % | Time % | Time Play |
| 1 | Erik Karlsson | Luke Schenn | | 1 | 2 | 2 | 60 | 61% | 1:13
|
| 2 | Colin Miller | Urho Vaakanainen | | 1 | 2 | 2 | 40 | 39% | 0:46
|
| Penalty Kill 4 Players Forward |
|---|
| Line # | Center | Wing | PHY | DF | OF | Wanted % | Time % | Time Play |
| 1 | Alex Ovechkin | Scott Laughton | 1 | 2 | 2 | 60 | 85% | 1:41
|
| 2 | Aliaksei Protas | Tyler Bertuzzi | 1 | 2 | 2 | 40 | 15% | 0:18
|
| Penalty Kill 4 Players Defense |
|---|
| Line # | Defense | Defense | PHY | DF | OF | Wanted % | Time % | Time Play |
| 1 | Erik Karlsson | Luke Schenn | 1 | 2 | 2 | 60 | 61% | 1:13
|
| 2 | Colin Miller | Urho Vaakanainen | 1 | 2 | 2 | 40 | 39% | 0:46
|
| Penalty Kill 3 Players |
|---|
| Line # | Wing | PHY | DF | OF | Wanted % | Time % | Time Play | Defense | Defense | PHY | DF | OF | Wanted % | Time % | Time Play |
| 1 | Alex Ovechkin | 1 | 2 | 2 | 60 | 0% | 0:00
| Erik Karlsson | Luke Schenn | 1 | 2 | 2 | 60 | 0% | 0:00
|
| 2 | Scott Laughton | 1 | 2 | 2 | 40 | 0% | 0:00
| Colin Miller | Urho Vaakanainen | 1 | 2 | 2 | 40 | 0% | 0:00
|
| 4 vs 4 Forward |
|---|
| Line # | Center | Wing | PHY | DF | OF | Wanted % | Time % | Time Play |
| 1 | Alex Ovechkin | Scott Laughton | 1 | 2 | 2 | 60 | 0% | 0:00
|
| 2 | Aliaksei Protas | Tyler Bertuzzi | 1 | 2 | 2 | 40 | 0% | 0:00
|
| 4 vs 4 Defense |
|---|
| Line # | Defense | | PHY | DF | OF | Wanted % | Time % | Time Play |
| 1 | Erik Karlsson | Luke Schenn | 1 | 2 | 2 | 60 | 0% | 0:00
|
| 2 | Colin Miller | Urho Vaakanainen | 1 | 2 | 2 | 40 | 0% | 0:00
|
| Last Minutes Offensive |
|---|
| Left Wing | Center | Right Wing | Defense | Defense |
| Alex Ovechkin | Scott Laughton | Aliaksei Protas | Erik Karlsson | Luke Schenn |
| Last Minutes Defensive |
|---|
| Left Wing | Center | Right Wing | Defense | Defense |
| Alex Ovechkin | Scott Laughton | Aliaksei Protas | Erik Karlsson | Luke Schenn |
| Time |
|---|
| Total Forward | Total Defense | Last Minutes Offensive | Last Minutes Defensive |
| 60:00 |
60:00 |
1:15 | 0:00 |
| Extra Forwards |
|---|
| Normal | PowerPlay | Penalty Kill |
|
Taylor Hall, Calle Jarnkrok, David Gustafsson | Taylor Hall, Calle Jarnkrok | David Gustafsson |
| Extra Defensemen |
|---|
| Normal | PowerPlay | Penalty Kill |
|
Jordan Oesterle, Tyson Barrie, Mike Reilly | Jordan Oesterle, Tyson Barrie | Mike Reilly |
| Penalty Shots |
|---|
|
Alex Ovechkin, Scott Laughton, Aliaksei Protas, Tyler Bertuzzi, Vladislav Namestnikov |
| Goalie |
|---|
| Sam Montembeault, Semyon Varlamov |
Play-by-Play
1st period
0:01 of 1st period - Scott Laughton wins face-off versus Aleksander Barkov in neutral zone.
0:20 of 1st period - Sam Reinhart is hit by Alex Ovechkin and loses puck.
0:33 of 1st period - Wrist shot by Claude Giroux.
0:33 of 1st period - Shot Blocked by Erik Karlsson.
1:20 of 1st period - Brady Skjei is hit by Colin Miller and loses puck.
2:09 of 1st period - Icing by Brady Skjei.
2:10 of 1st period - Radek Faksa wins face-off versus Calle Jarnkrok in Capitals zone.
3:12 of 1st period - Calle Jarnkrok is hit by Aleksander Barkov and loses puck.
3:29 of 1st period - Slapshot by Alex Ovechkin.
3:29 of 1st period - Shot Misses the Net.
4:54 of 1st period - Off-side.
4:55 of 1st period - Nicolas Roy wins face-off versus Ben Jones in neutral zone.
4:58 of 1st period - Wrist shot by Artturi Lehkonen.
4:58 of 1st period - Shot Misses the Net.
5:20 of 1st period - Snap shot by William Nylander.
5:20 of 1st period - Stopped by Sam Montembeault with a rebound.
5:56 of 1st period - Slapshot by Aliaksei Protas.
5:56 of 1st period - Shot Misses the Net.
6:00 of 1st period - Snap shot by Scott Laughton.
6:00 of 1st period - Stopped by Logan Thompson with a rebound.
6:02 of 1st period - Snap shot by Erik Karlsson.
6:02 of 1st period - Shot Blocked by Artturi Lehkonen.
6:06 of 1st period - Snap shot by Alex Ovechkin.
6:06 of 1st period - Stopped by Logan Thompson without a rebound.
6:07 of 1st period - Aleksander Barkov wins face-off versus Vladislav Namestnikov in Capitals zone.
6:24 of 1st period - Slapshot by Vladislav Namestnikov.
6:24 of 1st period - Shot Misses the Net.
6:34 of 1st period - Jordan Oesterle is hit by Carter Verhaeghe.
6:59 of 1st period - Off-side.
7:00 of 1st period - Vladislav Namestnikov wins face-off versus Nico Sturm in neutral zone.
7:13 of 1st period - Slapshot by Tyler Bertuzzi.
7:13 of 1st period - Shot Misses the Net.
7:25 of 1st period - Calle Jarnkrok is hit by William Nylander and loses puck.
8:07 of 1st period - Minor Penalty to Niko Mikkola for Holding.
8:08 of 1st period - Sam Reinhart wins face-off versus Scott Laughton in Capitals zone.
8:34 of 1st period - Erik Karlsson is hit by Chandler Stephenson and loses puck.
8:50 of 1st period - Brady Skjei is hit by Tyler Bertuzzi and loses puck.
10:07 of 1st period - Penalty to Niko Mikkola is over, Niko Mikkola is back on ice.
10:18 of 1st period - Niko Mikkola is hit by David Gustafsson.
10:59 of 1st period - Vladislav Namestnikov is hit by Adam Fox and loses puck.
12:04 of 1st period - Wrist shot by Carter Verhaeghe.
12:04 of 1st period - Shot Misses the Net.
12:28 of 1st period - Snap shot by Brady Skjei.
12:28 of 1st period - Stopped by Sam Montembeault with a rebound.
12:32 of 1st period - Wrist shot by Nico Sturm.
12:32 of 1st period - Shot Blocked by David Gustafsson.
13:14 of 1st period - Wrist shot by Chandler Stephenson.
13:14 of 1st period - Shot Misses the Net.
13:18 of 1st period - Slapshot by Carter Verhaeghe.
13:18 of 1st period - Deflect By Claude Giroux.
13:18 of 1st period - Stopped by Sam Montembeault with a rebound.
13:20 of 1st period - Slapshot by Michael Kesselring.
13:20 of 1st period - Stopped by Sam Montembeault with a rebound.
13:59 of 1st period - Tyler Bertuzzi is hit by Nico Sturm and loses puck.
14:20 of 1st period - Backhand shot by Artturi Lehkonen.
14:20 of 1st period - Stopped by Sam Montembeault without a rebound.
14:21 of 1st period - Calle Jarnkrok wins face-off versus Radek Faksa in Lightning zone.
15:08 of 1st period - Artturi Lehkonen is hit by Tyler Bertuzzi and loses puck.
15:27 of 1st period - Slapshot by Niko Mikkola.
15:27 of 1st period - Stopped by Sam Montembeault without a rebound.
15:28 of 1st period - Nico Sturm wins face-off versus Calle Jarnkrok in Lightning zone.
15:39 of 1st period - Wrist shot by Kiefer Sherwood.
15:39 of 1st period - Shot Blocked by Calle Jarnkrok.
15:41 of 1st period - Snap shot by Nico Sturm.
15:41 of 1st period - Shot Misses the Net.
15:43 of 1st period - Slapshot by Brady Skjei.
15:43 of 1st period - Shot Blocked by Luke Schenn.
15:45 of 1st period - Wrist shot by Nico Sturm.
15:45 of 1st period - Stopped by Sam Montembeault without a rebound.
15:46 of 1st period - Aleksander Barkov wins face-off versus Scott Laughton in Lightning zone.
15:59 of 1st period - Wrist shot by Sam Reinhart.
15:59 of 1st period - Shot Misses the Net.
16:01 of 1st period - Snap shot by Sam Reinhart.
16:01 of 1st period - Stopped by Sam Montembeault with a rebound.
16:03 of 1st period - Slapshot by Adam Fox.
16:03 of 1st period - Stopped by Sam Montembeault with a rebound.
16:19 of 1st period - Snap shot by Carter Verhaeghe.
16:19 of 1st period - Stopped by Sam Montembeault without a rebound.
16:20 of 1st period - Chandler Stephenson wins face-off versus Vladislav Namestnikov in Lightning zone.
16:33 of 1st period - Snap shot by Vladislav Namestnikov.
16:33 of 1st period - Stopped by Logan Thompson with a rebound.
17:10 of 1st period - Snap shot by David Gustafsson.
17:10 of 1st period - Shot Misses the Net.
17:20 of 1st period - Taylor Hall is hit by Radek Faksa and loses puck.
17:31 of 1st period - Slapshot by Carter Verhaeghe.
17:31 of 1st period - Stopped by Sam Montembeault without a rebound.
17:32 of 1st period - Claude Giroux wins face-off versus Scott Laughton in Lightning zone.
17:58 of 1st period - Off-side.
17:59 of 1st period - Vladislav Namestnikov wins face-off versus Radek Faksa in neutral zone.
18:08 of 1st period - Snap shot by Tyler Motte.
18:08 of 1st period - Stopped by Logan Thompson without a rebound.
18:09 of 1st period - Aleksander Barkov wins face-off versus Aliaksei Protas in Capitals zone.
18:14 of 1st period - Snap shot by Alex Ovechkin.
18:14 of 1st period - Shot Misses the Net.
18:16 of 1st period - Slapshot by Colin Miller.
18:16 of 1st period - Shot Misses the Net.
18:42 of 1st period - Colin Miller is hit by Radek Faksa and loses puck.
19:11 of 1st period - Snap shot by Aliaksei Protas.
19:11 of 1st period - Deflect By Alex Ovechkin.
19:11 of 1st period - Stopped by Logan Thompson without a rebound.
19:12 of 1st period - Vladislav Namestnikov wins face-off versus Aleksander Barkov in Capitals zone.
19:15 of 1st period - Slapshot by Erik Karlsson.
19:15 of 1st period - Shot Blocked by William Nylander.
19:17 of 1st period - Snap shot by Luke Schenn.
19:17 of 1st period - Shot Blocked by Ryan Lindgren.
19:19 of 1st period - Snap shot by Tyler Motte.
19:19 of 1st period - Shot Blocked by Aleksander Barkov.
19:21 of 1st period - Snap shot by Tyler Bertuzzi.
19:21 of 1st period - Stopped by Logan Thompson with a rebound.
19:29 of 1st period - Backhand shot by Vladislav Namestnikov.
19:29 of 1st period - Shot Blocked by Aleksander Barkov.
19:55 of 1st period - Wrist shot by Calle Jarnkrok.
19:55 of 1st period - Shot Misses the Net.
19:57 of 1st period - Slapshot by Jordan Oesterle.
19:57 of 1st period - Deflect By Calle Jarnkrok.
19:57 of 1st period - Shot Misses the Net.
19:57 of 1st period - Puck is out of play.
19:58 of 1st period - Radek Faksa wins face-off versus Calle Jarnkrok in Capitals zone.
Goals for this period are 0 for Capitals vs 0 for Lightning.
Shots for this period are 11 for Capitals vs 6 for Lightning.
2nd period
0:01 of 2nd period - Scott Laughton wins face-off versus Sam Reinhart in neutral zone.
0:58 of 2nd period - Aleksander Barkov is hit by Vladislav Namestnikov and loses puck.
1:05 of 2nd period - Tyler Motte is hit by Adam Fox and loses puck.
1:24 of 2nd period - Snap shot by Sam Reinhart.
1:24 of 2nd period - Shot Misses the Net.
1:26 of 2nd period - Slapshot by Adam Fox.
1:26 of 2nd period - Shot Misses the Net.
1:28 of 2nd period - Slapshot by Cam Fowler.
1:28 of 2nd period - Stopped by Sam Montembeault with a rebound.
1:30 of 2nd period - Slapshot by Adam Fox.
1:30 of 2nd period - Shot Blocked by Tyler Bertuzzi.
1:32 of 2nd period - Snap shot by William Nylander.
1:32 of 2nd period - Stopped by Sam Montembeault without a rebound.
1:33 of 2nd period - Chandler Stephenson wins face-off versus Scott Laughton in Lightning zone.
2:05 of 2nd period - Wrist shot by Alex Ovechkin.
2:05 of 2nd period - Shot Misses the Net.
2:07 of 2nd period - Slapshot by Colin Miller.
2:07 of 2nd period - Stopped by Logan Thompson without a rebound.
2:08 of 2nd period - Calle Jarnkrok wins face-off versus Radek Faksa in Capitals zone.
2:29 of 2nd period - Colin Miller is hit by Radek Faksa.
2:49 of 2nd period - Michael Kesselring is hit by Tyler Bertuzzi and loses puck.
3:38 of 2nd period - Icing by Alex Ovechkin.
3:39 of 2nd period - Vladislav Namestnikov wins face-off versus Chandler Stephenson in Lightning zone.
3:46 of 2nd period - Wrist shot by Vladislav Namestnikov.
3:46 of 2nd period - Deflect By Tyler Bertuzzi.
3:46 of 2nd period - Shot Blocked by Cam Fowler.
3:46 of 2nd period - Puck is out of play.
3:47 of 2nd period - Sam Reinhart wins face-off versus Scott Laughton in Capitals zone.
3:54 of 2nd period - Snap shot by William Nylander.
3:54 of 2nd period - Stopped by Sam Montembeault without a rebound.
3:55 of 2nd period - Aleksander Barkov wins face-off versus Scott Laughton in Lightning zone.
4:32 of 2nd period - Aleksander Barkov is hit by Colin Miller and loses puck.
4:57 of 2nd period - Snap shot by Sam Reinhart.
4:57 of 2nd period - Shot Blocked by Colin Miller.
5:25 of 2nd period - Wrist shot by Alex Ovechkin.
5:25 of 2nd period - Stopped by Logan Thompson without a rebound.
5:26 of 2nd period - Vladislav Namestnikov wins face-off versus Chandler Stephenson in Capitals zone.
5:41 of 2nd period - Snap shot by Vladislav Namestnikov.
5:41 of 2nd period - Shot Misses the Net.
5:43 of 2nd period - Slapshot by Vladislav Namestnikov.
5:43 of 2nd period - Shot Blocked by Cam Fowler.
5:53 of 2nd period - Adam Fox is hit by Taylor Hall and loses puck.
6:04 of 2nd period - Snap shot by Calle Jarnkrok.
6:04 of 2nd period - Shot Misses the Net.
6:10 of 2nd period - Wrist shot by Claude Giroux.
6:10 of 2nd period - Shot Misses the Net.
6:12 of 2nd period - Snap shot by Chandler Stephenson.
6:12 of 2nd period - Deflect By Claude Giroux.
6:12 of 2nd period - Shot Misses the Net.
6:12 of 2nd period - Puck is out of play.
6:13 of 2nd period - Vladislav Namestnikov wins face-off versus Radek Faksa in Lightning zone.
6:37 of 2nd period - Luke Schenn is hit by Nico Sturm and loses puck.
6:44 of 2nd period - Slapshot by Cam Fowler.
6:44 of 2nd period - Shot Misses the Net.
7:54 of 2nd period - Michael Kesselring is hit by Colin Miller.
8:04 of 2nd period - Wrist shot by Claude Giroux.
8:04 of 2nd period - Stopped by Sam Montembeault without a rebound.
8:05 of 2nd period - Chandler Stephenson wins face-off versus Calle Jarnkrok in Lightning zone.
8:14 of 2nd period - Slapshot by Adam Fox.
8:14 of 2nd period - Stopped by Sam Montembeault with a rebound.
8:16 of 2nd period - Wrist shot by Claude Giroux.
8:16 of 2nd period - Goal by Claude Giroux - Capitals : 1 - Lightning : 0.
8:17 of 2nd period - Scott Laughton wins face-off versus Chandler Stephenson in neutral zone.
8:22 of 2nd period - Snap shot by Scott Laughton.
8:22 of 2nd period - Shot Misses the Net.
8:52 of 2nd period - Wrist shot by Taylor Hall.
8:52 of 2nd period - Stopped by Logan Thompson with a rebound.
9:16 of 2nd period - Cam Fowler is hit by Urho Vaakanainen and loses puck.
9:35 of 2nd period - Backhand shot by Scott Laughton.
9:35 of 2nd period - Stopped by Logan Thompson with a rebound.
9:37 of 2nd period - Snap shot by Alex Ovechkin.
9:37 of 2nd period - Stopped by Logan Thompson without a rebound.
9:38 of 2nd period - Aleksander Barkov wins face-off versus Vladislav Namestnikov in Capitals zone.
10:29 of 2nd period - Erik Karlsson is hit by Sam Reinhart and loses puck.
10:34 of 2nd period - Snap shot by Aleksander Barkov.
10:34 of 2nd period - Shot Misses the Net.
10:57 of 2nd period - Nicolas Roy is hit by Jordan Oesterle and loses puck.
11:21 of 2nd period - Wrist shot by Kiefer Sherwood.
11:21 of 2nd period - Stopped by Sam Montembeault without a rebound.
11:22 of 2nd period - Calle Jarnkrok wins face-off versus Nico Sturm in Lightning zone.
11:51 of 2nd period - Michael Kesselring is hit by Alex Ovechkin and loses puck.
12:01 of 2nd period - Off-side.
12:02 of 2nd period - Vladislav Namestnikov wins face-off versus Chandler Stephenson in neutral zone.
12:37 of 2nd period - Snap shot by William Nylander.
12:37 of 2nd period - Shot Misses the Net.
12:39 of 2nd period - Wrist shot by Cam Fowler.
12:39 of 2nd period - Shot Blocked by Erik Karlsson.
12:58 of 2nd period - Wrist shot by Calle Jarnkrok.
12:58 of 2nd period - Deflect By Taylor Hall.
12:58 of 2nd period - Shot Misses the Net.
12:58 of 2nd period - Puck is out of play.
12:59 of 2nd period - Scott Laughton wins face-off versus Aleksander Barkov in Capitals zone.
13:14 of 2nd period - Wrist shot by Aliaksei Protas.
13:14 of 2nd period - Deflect By Ryan Lindgren.
13:14 of 2nd period - Stopped by Logan Thompson without a rebound.
13:15 of 2nd period - Vladislav Namestnikov wins face-off versus Chandler Stephenson in Capitals zone.
13:18 of 2nd period - Snap shot by Tyler Bertuzzi.
13:18 of 2nd period - Shot Misses the Net.
13:49 of 2nd period - Slapshot by Alex Ovechkin.
13:49 of 2nd period - Shot Blocked by Aleksander Barkov.
14:14 of 2nd period - Wrist shot by Artturi Lehkonen.
14:14 of 2nd period - Stopped by Sam Montembeault with a rebound.
14:30 of 2nd period - Snap shot by Erik Karlsson.
14:30 of 2nd period - Stopped by Logan Thompson without a rebound.
14:31 of 2nd period - Vladislav Namestnikov wins face-off versus Aleksander Barkov in Capitals zone.
15:19 of 2nd period - David Gustafsson is hit by Nicolas Roy and loses puck.
15:38 of 2nd period - Vladislav Namestnikov is hit by Nico Sturm and loses puck.
16:02 of 2nd period - Wrist shot by Aliaksei Protas.
16:02 of 2nd period - Shot Misses the Net.
16:39 of 2nd period - Snap shot by Vladislav Namestnikov.
16:39 of 2nd period - Stopped by Logan Thompson with a rebound.
16:45 of 2nd period - Slapshot by Brady Skjei.
16:45 of 2nd period - Shot Misses the Net.
18:00 of 2nd period - Snap shot by William Nylander.
18:00 of 2nd period - Stopped by Sam Montembeault with a rebound.
18:02 of 2nd period - Slapshot by Niko Mikkola.
18:02 of 2nd period - Shot Misses the Net.
18:30 of 2nd period - Urho Vaakanainen is hit by Connor Dewar and loses puck.
18:47 of 2nd period - Minor Penalty to Tyler Bertuzzi for Roughing.
18:48 of 2nd period - Aleksander Barkov wins face-off versus Alex Ovechkin in Lightning zone.
19:21 of 2nd period - Alex Ovechkin is hit by Chandler Stephenson and loses puck.
Goals for this period are 1 for Capitals vs 0 for Lightning.
Shots for this period are 9 for Capitals vs 8 for Lightning.
3rd period
0:01 of 3rd period - Aleksander Barkov wins face-off versus Alex Ovechkin in neutral zone.
0:47 of 3rd period - Penalty to Tyler Bertuzzi is over, Tyler Bertuzzi is back on ice.
1:20 of 3rd period - Wrist shot by Tyler Motte.
1:20 of 3rd period - Shot Misses the Net.
1:22 of 3rd period - Slapshot by Colin Miller.
1:22 of 3rd period - Shot Blocked by Adam Fox.
1:24 of 3rd period - Backhand shot by Colin Miller.
1:24 of 3rd period - Deflect By Taylor Hall.
1:24 of 3rd period - Stopped by Logan Thompson with a rebound.
2:03 of 3rd period - Carter Verhaeghe is hit by Taylor Hall and loses puck.
3:04 of 3rd period - Scott Laughton is hit by Ryan Lindgren and loses puck.
4:01 of 3rd period - Slapshot by Calle Jarnkrok.
4:01 of 3rd period - Shot Misses the Net.
4:22 of 3rd period - Icing by Urho Vaakanainen.
4:23 of 3rd period - Aleksander Barkov wins face-off versus Calle Jarnkrok in Lightning zone.
4:33 of 3rd period - Wrist shot by William Nylander.
4:33 of 3rd period - Shot Misses the Net.
4:35 of 3rd period - Snap shot by Sam Reinhart.
4:35 of 3rd period - Stopped by Sam Montembeault without a rebound.
4:36 of 3rd period - Vladislav Namestnikov wins face-off versus Aleksander Barkov in Lightning zone.
5:10 of 3rd period - Icing by Vladislav Namestnikov.
5:11 of 3rd period - Chandler Stephenson wins face-off versus Vladislav Namestnikov in Lightning zone.
5:14 of 3rd period - Snap shot by Carter Verhaeghe.
5:14 of 3rd period - Stopped by Sam Montembeault with a rebound.
5:16 of 3rd period - Slapshot by Chandler Stephenson.
5:16 of 3rd period - Stopped by Sam Montembeault without a rebound.
5:17 of 3rd period - Chandler Stephenson wins face-off versus Alex Ovechkin in Lightning zone.
5:20 of 3rd period - Wrist shot by Claude Giroux.
5:20 of 3rd period - Shot Blocked by Aliaksei Protas.
6:12 of 3rd period - Wrist shot by Erik Karlsson.
6:12 of 3rd period - Shot Misses the Net.
7:12 of 3rd period - Snap shot by Aleksander Barkov.
7:12 of 3rd period - Shot Blocked by Calle Jarnkrok.
7:14 of 3rd period - Snap shot by Sam Reinhart.
7:14 of 3rd period - Shot Misses the Net.
7:16 of 3rd period - Slapshot by Adam Fox.
7:16 of 3rd period - Stopped by Sam Montembeault with a rebound.
8:07 of 3rd period - Icing by Scott Laughton.
8:08 of 3rd period - Nico Sturm wins face-off versus Ben Jones in Lightning zone.
8:11 of 3rd period - Snap shot by Kiefer Sherwood.
8:11 of 3rd period - Shot Misses the Net.
8:13 of 3rd period - Wrist shot by Connor Dewar.
8:13 of 3rd period - Shot Misses the Net.
8:15 of 3rd period - Slapshot by Ryan Lindgren.
8:15 of 3rd period - Shot Blocked by Colin Miller.
8:17 of 3rd period - Slapshot by Nico Sturm.
8:17 of 3rd period - Shot Blocked by Colin Miller.
8:19 of 3rd period - Snap shot by Nico Sturm.
8:19 of 3rd period - Deflect By Kiefer Sherwood.
8:19 of 3rd period - Stopped by Sam Montembeault with a rebound.
8:21 of 3rd period - Wrist shot by Nico Sturm.
8:21 of 3rd period - Stopped by Sam Montembeault without a rebound.
8:22 of 3rd period - Aleksander Barkov wins face-off versus Vladislav Namestnikov in Lightning zone.
8:25 of 3rd period - Wrist shot by Aleksander Barkov.
8:25 of 3rd period - Shot Misses the Net.
8:27 of 3rd period - Slapshot by Brady Skjei.
8:27 of 3rd period - Shot Blocked by Tyler Motte.
8:34 of 3rd period - Off-side.
8:35 of 3rd period - Scott Laughton wins face-off versus Aleksander Barkov in neutral zone.
8:38 of 3rd period - Slapshot by Aliaksei Protas.
8:38 of 3rd period - Shot Misses the Net.
8:50 of 3rd period - Snap shot by Sam Reinhart.
8:50 of 3rd period - Stopped by Sam Montembeault with a rebound.
9:15 of 3rd period - Snap shot by Alex Ovechkin.
9:15 of 3rd period - Stopped by Logan Thompson with a rebound.
9:17 of 3rd period - Wrist shot by Scott Laughton.
9:17 of 3rd period - Stopped by Logan Thompson with a rebound.
9:19 of 3rd period - Slapshot by Jordan Oesterle.
9:19 of 3rd period - Stopped by Logan Thompson without a rebound.
9:20 of 3rd period - Aleksander Barkov wins face-off versus Vladislav Namestnikov in Capitals zone.
9:26 of 3rd period - Slapshot by Niko Mikkola.
9:26 of 3rd period - Stopped by Sam Montembeault without a rebound.
9:27 of 3rd period - Aleksander Barkov wins face-off versus Tyler Motte in Lightning zone.
9:54 of 3rd period - Wrist shot by William Nylander.
9:54 of 3rd period - Deflect By Aleksander Barkov.
9:54 of 3rd period - Stopped by Sam Montembeault without a rebound.
9:55 of 3rd period - Chandler Stephenson wins face-off versus Aliaksei Protas in Lightning zone.
9:56 of 3rd period - Snap shot by Carter Verhaeghe.
9:56 of 3rd period - Stopped by Sam Montembeault without a rebound.
9:57 of 3rd period - Alex Ovechkin wins face-off versus Chandler Stephenson in Lightning zone.
11:18 of 3rd period - Slapshot by Jordan Oesterle.
11:18 of 3rd period - Shot Blocked by Adam Fox.
11:20 of 3rd period - Snap shot by Taylor Hall.
11:20 of 3rd period - Shot Misses the Net.
11:22 of 3rd period - Wrist shot by Taylor Hall.
11:22 of 3rd period - Deflect By David Gustafsson.
11:22 of 3rd period - Shot Misses the Net.
11:22 of 3rd period - Puck is out of play.
11:23 of 3rd period - Aleksander Barkov wins face-off versus Scott Laughton in Capitals zone.
11:40 of 3rd period - Snap shot by Aliaksei Protas.
11:40 of 3rd period - Shot Misses the Net.
11:50 of 3rd period - William Nylander is hit by Luke Schenn and loses puck.
11:55 of 3rd period - Slapshot by Tyler Bertuzzi.
11:55 of 3rd period - Shot Misses the Net.
12:53 of 3rd period - Mike Reilly is hit by Niko Mikkola and loses puck.
13:04 of 3rd period - Artturi Lehkonen is hit by Alex Ovechkin and loses puck.
13:23 of 3rd period - Aliaksei Protas is hit by Connor Dewar and loses puck.
13:59 of 3rd period - Icing by Tyson Barrie.
14:00 of 3rd period - Tyler Bertuzzi wins face-off versus Chandler Stephenson in Lightning zone.
14:00 of 3rd period - Tyler Motte is hit by Ryan Lindgren and loses puck.
14:32 of 3rd period - Brady Skjei is hit by Luke Schenn and loses puck.
14:47 of 3rd period - Wrist shot by Nicolas Roy.
14:47 of 3rd period - Shot Misses the Net.
15:17 of 3rd period - Snap shot by Kiefer Sherwood.
15:17 of 3rd period - Shot Blocked by Urho Vaakanainen.
15:23 of 3rd period - Tyler Motte is hit by Michael Kesselring and loses puck.
15:38 of 3rd period - Wrist shot by Tyler Bertuzzi.
15:38 of 3rd period - Shot Misses the Net.
16:04 of 3rd period - Snap shot by Carter Verhaeghe.
16:04 of 3rd period - Shot Misses the Net.
18:10 of 3rd period - Snap shot by Artturi Lehkonen.
18:10 of 3rd period - Stopped by Sam Montembeault with a rebound.
18:24 of 3rd period - Slapshot by Michael Kesselring.
18:24 of 3rd period - Shot Blocked by Taylor Hall.
19:04 of 3rd period - Lightning, Sam Montembeault is pulled from the net.
19:04 of 3rd period - Snap shot by Scott Laughton.
19:04 of 3rd period - Shot Misses the Net.
19:32 of 3rd period - Snap shot by Sam Reinhart.
19:32 of 3rd period - Shot Misses the Net.
19:34 of 3rd period - Wrist shot by Aleksander Barkov.
19:34 of 3rd period - Shot Misses the Net.
19:54 of 3rd period - Scott Laughton is hit by Ryan Lindgren and loses puck.
Goals for this period are 0 for Capitals vs 0 for Lightning.
Shots for this period are 11 for Capitals vs 4 for Lightning.